 Dungeon Crawl Stone Soup version 0.18-a0-1203-gbde16db (webtiles) character file.

6307 ololoev the Destroyer (level 10, 0/52 HPs)
             Began as a Deep Elf Fire Elementalist on Feb 1, 2016.
             Was a Priest of Sif Muna.
             Slain by a harpy skeleton (4 damage)
             ... on level 11 of the Dungeon.
             The game lasted 00:35:44 (4080 turns).

ololoev the Destroyer (Deep Elf Fire Elementalist)  Turns: 4080, Time: 00:35:44

Health: 0/52       AC:  6    Str:  7    XL:     10   Next: 63%
Magic:  23/28      EV: 13    Int: 24    God:    Sif Muna [***...]
Gold:   405        SH:  0    Dex: 15    Spells: 6 memorised, 7 levels left

rFire  + . .     SeeInvis .     a - staff of conjuration
rCold  x . .     Gourm    .     A - +0 robe
rNeg   . . .     Faith    +     (no shield)
rPois  .         Spirit   .     (no helmet)
rElec  .         Dismiss  .     w - +2 cloak {MR+}
rCorr  .         Reflect  .     (no gloves)
SustAt .         Harm     .     p - +0 pair of boots
MR     +++++                    j - amulet of faith
Stlth  +++.......               L - ring of Lagre {Fragile +Fly MR++ Str+2 Slay+2}
                                f - ring of fire

@: almost entirely resistant to hostile enchantments, fairly stealthy
A: claws 1, camouflage 1, high mp 1, magic resistance 1
a: Channel Energy, Forget Spell, Renounce Religion, Evoke Flight


Innate Abilities, Weirdness & Mutations

You have sharp fingernails.
Your skin changes colour to match your surroundings (Stealth).
You have an increased reservoir of magic (+10% MP).
You are resistant to hostile enchantments.

Inventory:

Armour
 p - a +0 pair of boots (worn)
 w - a +2 cloak of magic resistance (worn)
 A - a +0 robe (worn)
 G - a +0 buckler
Magical Staves
 a - an uncursed staff of conjuration (weapon)
Jewellery
 f - a ring of fire (left claw)
 j - an amulet of faith (around neck)
 L - the ring of Lagre (right claw) {Fragile +Fly MR++ Str+2 Slay+2}
   (You found it on level 9 of the Dungeon)

   [ring of flight]

   It affects your strength (+2).
   It affects your accuracy and damage with ranged weapons and melee attacks
   (+2).
   It affects your resistance to hostile enchantments.
   It lets you fly.
   It will be destroyed if unequipped.
Wands
 y - a wand of paralysis (17/24)
 J - a wand of teleportation (4/9)
Scrolls
 e - 2 scrolls of remove curse
 i - 2 scrolls of immolation
 m - a scroll of recharging
 o - a scroll of fear
 q - 3 scrolls of acquirement {unknown}
 v - 2 scrolls of enchant armour {unknown}
 D - a scroll of random uselessness {unknown}
 E - a scroll of blinking {unknown}
 M - a scroll of fog
 P - a scroll of amnesia
Potions
 b - a potion of cancellation {unknown}
 d - 4 potions of curing
 g - 3 potions of brilliance
 k - 2 potions of agility
 r - a potion of berserk rage
 s - a potion of cure mutation
 u - 2 potions of ambrosia
 z - 2 potions of heal wounds
 B - a potion of haste
 C - a potion of might
 I - a potion of flight
 K - a potion of lignification {unknown}
 N - a potion of resistance {unknown}
Comestibles
 c - 9 royal jellies
 h - a beef jerky
 l - 5 meat rations
 n - 8 chunks of flesh
 t - 6 fruits
 F - a slice of pizza
 H - 3 bread rations


   Skills:
 + Level 1.1 Fighting
 + Level 3.4 Dodging
 - Level 2.4 Stealth
 * Level 1.7 Shields
 * Level 10.3 Spellcasting
 * Level 11.4 Conjurations
 * Level 9.3 Fire Magic
 + Level 4.2 Invocations


You had 7 spell levels left.
You knew the following spells:

 Your Spells              Type           Power        Failure   Level  Hunger
a - Flame Tongue          Conj/Fire      #####        1%          1    None
b - Conjure Flame         Conj/Fire      #######.     1%          3    None
c - Sticky Flame          Conj/Fire      #######.     1%          4    #......
d - Fireball              Conj/Fire      #######...   2%          5    ####...
e - Inner Flame           Hex/Fire       ######..     2%          3    None
f - Bolt of Fire          Conj/Fire      #######...   14%         6    ######.


You were on level 11 of the Dungeon.
You worshipped Sif Muna.
Sif Muna was most pleased with you.
You were not hungry.

You visited 2 branches of the dungeon, and saw 12 of its levels.
You also visited: Ossuary.

You collected 608 gold pieces.
You spent 203 gold pieces at shops.

#....#....#.#.#
#######<...#.#.#
#..........#.#.#
#.####.......# #
# #.......# #.
####.####
#.#####....#####
#.......##.....#
###.######.###@#
#.#......# #Z#
#.#.###### #.#
##.#...... #.#
####..######.
#.# ..#...## ..#
.....รท.## #.#
........# #.#.
........#

Notes
Turn   | Place    | Note
--------------------------------------------------------------
     0 | D:1      | ololoev the Deep Elf Fire Elementalist began the quest for the Orb.
     0 | D:1      | Reached XP level 1. HP: 10/10 MP: 6/6
   220 | D:1      | Reached XP level 2. HP: 9/15 MP: 6/8
   483 | D:2      | Reached XP level 3. HP: 12/19 MP: 3/10
   601 | D:3      | Found a stormy altar of Qazlal.
   603 | D:3      | Found a snail-covered altar of Cheibriados.
   606 | D:3      | Found a shattered altar of Ashenzari.
   657 | D:3      | Noticed Duffy's ghost (amateur MiFi)
   664 | D:3      | Learned a level 3 spell: Conjure Flame
   715 | D:4      | Noticed Natasha
   776 | D:4      | Killed Natasha
   776 | D:4      | Reached skill level 4 in Fire Magic
   776 | D:4      | Reached XP level 4. HP: 13/24 MP: 6/11
   828 | D:5      | Entered Level 5 of the Dungeon
   843 | D:5      | Noticed a phantom
   843 | D:5      | Noticed an ice beast
   873 | D:5      | Killed a phantom
   873 | D:5      | Reached XP level 5. HP: 24/28 MP: 4/13
   900 | D:5      | Killed an ice beast
   925 | D:5      | Reached XP level 6. HP: 30/32 MP: 8/15
  1023 | D:5      | Noticed a sky beast
  1139 | D:5      | Found a sand-covered staircase.
  1176 | D:5      | Reached skill level 5 in Spellcasting
  1176 | D:5      | Reached skill level 5 in Conjurations
  1179 | Ossuary  | Entered an ossuary
  1269 | Ossuary  | Reached skill level 5 in Fire Magic
  1472 | D:6      | Found a sparkling altar of Nemelex Xobeh.
  1499 | D:6      | Reached XP level 7. HP: 36/36 MP: 5/17
  1505 | D:6      | Learned a level 4 spell: Sticky Flame
  1509 | D:6      | Learned a level 3 spell: Inner Flame
  1516 | D:6      | Reached skill level 6 in Conjurations
  1552 | D:6      | Got a slimy whip
  1553 | D:6      | Identified the +8 whip of Starshine {freeze, MR++} (You found it on level 6 of the Dungeon)
  1562 | D:6      | Found a glowing golden altar of the Shining One.
  1817 | D:5      | Reached skill level 7 in Conjurations
  1878 | D:5      | Reached XP level 8. HP: 33/41 MP: 10/19
  1887 | D:5      | Learned a level 5 spell: Fireball
  2184 | D:6      | Reached skill level 8 in Conjurations
  2335 | D:4      | Noticed Natasha
  2342 | D:4      | Killed Natasha
  2367 | D:4      | Found a sparkling altar of Nemelex Xobeh.
  2545 | D:4      | Noticed Natasha
  2547 | D:4      | Killed Natasha
  2587 | D:4      | Reached skill level 9 in Conjurations
  3017 | D:7      | Reached XP level 9. HP: 41/45 MP: 15/23
  3028 | D:7      | Learned a level 6 spell: Bolt of Fire
  3034 | D:7      | Found a staircase to the Ecumenical Temple.
  3040 | D:7      | Noticed Pikel
  3043 | Temple   | Entered the Ecumenical Temple
  3071 | Temple   | Became a worshipper of Sif Muna the Loreminder
  3094 | D:7      | Killed Pikel
  3094 | D:7      | Reached * piety under Sif Muna
  3263 | D:9      | Reached skill level 10 in Conjurations
  3319 | D:9      | Reached skill level 1 in Invocations
  3350 | D:9      | Got a slimy steel ring
  3351 | D:9      | Identified the ring of Lagre {Fragile +Fly MR++ Str+2 Slay+2} (You found it on level 9 of the Dungeon)
  3426 | D:8      | Noticed Duffy's ghost (novice MiFi)
  3460 | D:8      | Killed Duffy's ghost
  3460 | D:8      | Reached ** piety under Sif Muna
  3505 | D:8      | Found Cehu Vov's Magic Scroll Boutique.
  3510 | D:8      | Bought 2 scrolls of identify for 56 gold pieces
  3510 | D:8      | Bought a scroll of identify for 28 gold pieces
  3510 | D:8      | Bought a scroll of amnesia for 49 gold pieces
  3510 | D:8      | Bought a scroll of identify for 28 gold pieces
  3510 | D:8      | Bought a scroll of identify for 28 gold pieces
  3510 | D:8      | Bought a scroll of noise for 14 gold pieces
  3516 | D:8      | Gained mutation: Your skin changes colour to match your surroundings (Stealth). [potion of mutation]
  3516 | D:8      | Gained mutation: You have sharp fingernails. [potion of mutation]
  3516 | D:8      | Gained mutation: You are resistant to hostile enchantments. [potion of mutation]
  3517 | D:8      | Gained mutation: You have an increased reservoir of magic (+10% MP). [potion of beneficial mutation]
  3555 | D:8      | Noticed Erolcha
  3561 | D:8      | Killed Erolcha
  3561 | D:8      | Reached skill level 11 in Conjurations
  3561 | D:8      | Reached XP level 10. HP: 47/50 MP: 14/28
  3612 | D:8      | Reached *** piety under Sif Muna
  3770 | D:10     | Entered Level 10 of the Dungeon
  3775 | D:10     | Noticed a gargoyle
  3779 | D:10     | Killed a gargoyle
  3800 | D:9      | Reached skill level 10 in Spellcasting
  3864 | D:9      | Reached skill level 1 in Shields
  3870 | D:9      | Reached skill level 1 in Fighting
  3927 | D:9      | Found a staircase to the Lair.
  4080 | D:11     | Slain by a harpy skeleton

Dungeon Overview and Level Annotations

Branches:
Dungeon (11/15)            Temple (1/1) D:7            Lair (0/8) D:9
    Orc: D:9-12

Altars:
Ashenzari
Cheibriados
Elyvilon
Fedhas
Gozag
Kikubaaqudgha
Makhleb
Nemelex Xobeh
Okawaru
Pakellas
Qazlal
Ru
Sif Muna
Trog
Vehumet
Zin
The Shining One

Shops:
D:8 ?

Annotations:
D:3 Duffy's ghost, amateur MiFi


Message History

a mace; a ring mail Some of the chunks of flesh in your inventory have rotted away.
The harpy skeleton claws you. The harpy skeleton closely misses you.
Casting: Flame Tongue
Confirm with . or Enter, or press ? or * to list all spells.
Aiming: Sticky Flame
Press: ? - help, Shift-Dir - straight line, f - harpy skeleton
Aim: a harpy skeleton You feel a strong surge of power!
The sticky flame hits the harpy skeleton.
The harpy skeleton is covered in liquid flames!
The harpy skeleton burns!
The harpy skeleton misses you.
The harpy skeleton claws you! x2; The harpy skeleton closely misses you.
Casting: Sticky Flame
Confirm with . or Enter, or press ? or * to list all spells.
Aiming: Flame Tongue
Press: ? - help, Shift-Dir - straight line, f/p - harpy skeleton
Aim: a harpy skeleton (covered in liquid flames)
You feel a strong surge of power!
The flame tongue hits the harpy skeleton.
The harpy skeleton burns!
The harpy skeleton barely misses you. The harpy skeleton closely misses you.
The harpy skeleton claws you. The harpy skeleton closely misses you.
Casting: Flame Tongue
Confirm with . or Enter, or press ? or * to list all spells.
Aiming: Flame Tongue
Press: ? - help, Shift-Dir - straight line, f/p - harpy skeleton
Aim: a harpy skeleton (covered in liquid flames)
You feel a strong surge of power!
The flame tongue hits the harpy skeleton.
The harpy skeleton burns!
The harpy skeleton claws you! The harpy skeleton barely misses you.
The harpy skeleton closely misses you. The harpy skeleton barely misses you.
The harpy skeleton claws you!
The harpy skeleton claws you but does no damage.
Drink which item? (? for menu, Esc to quit)
You feel better.
The harpy skeleton burns!
The harpy skeleton stops burning.
The harpy skeleton barely misses you.
The harpy skeleton claws you but does no damage.
The harpy skeleton claws you! The harpy skeleton claws you.
You die...

You could see a harpy skeleton.

Vanquished Creatures
  Erolcha (D:8)
  The ghost of Duffy the Carver, a novice MiFi of Cheibriados (D:8)
  Pikel (D:7)
  A gargoyle (D:10)
  5 yaks (D:9)
  A hungry ghost (D:9)
  A soldier ant (D:8)
  2 orc warriors
  3 sky beasts
  3 black bears
  A wasp (D:8)
  3 ice beasts
  3 phantoms
  3 centaurs
  A big kobold (D:4)
  A gnoll sergeant (D:9)
  6 giant frogs
  A water moccasin skeleton (D:7)
  2 giant frog zombies
  A crimson imp (D:5)
  A quasit (D:9)
  A hound (D:5)
  A jelly (D:6)
  2 centaur skeletons
  A giant frog skeleton (D:8)
  3 orc priests
  3 iguanas
  4 orc wizards
  6 worker ants
  Natasha (thrice) (D:4)
  A big kobold zombie (Ossuary)
  8 mummies (Ossuary)
  3 worker ant zombies
  11 gnolls
  8 adders
  2 shadow imps
  A worm (D:5)
  A giant gecko (D:1)
  26 orcs
  4 bats
  A giant cockroach (D:1)
  2 goblins
  5 hobgoblins
  11 jackals
  A quokka (D:4)
  4 ball pythons
  9 giant newts
  A hobgoblin zombie (Ossuary)
  7 kobolds
  2 kobold zombies (Ossuary)
  4 orc zombies (Ossuary)
  A quokka zombie (D:6)
  4 rats
183 creatures vanquished.

Action                   |  1- 3 |  4- 6 |  7- 9 | 10-12 || total
-------------------------+-------+-------+-------+-------++-------
Melee: Whip              |     5 |    21 |    28 |     5 ||    59
       Staff             |       |       |       |     1 ||     1
 Cast: Flame Tongue      |    50 |    59 |   101 |    29 ||   239
       Conjure Flame     |     1 |     6 |    11 |     3 ||    21
       Sticky Flame      |       |       |    16 |     7 ||    23
       Fireball          |       |       |    19 |    15 ||    34
       Inner Flame       |       |       |     1 |     3 ||     4
Invok: Channel Energy    |       |       |    36 |    38 ||    74
  Use: Potion            |     2 |     1 |     2 |     1 ||     6
       Scroll            |       |     9 |     8 |       ||    17
 Stab: Sleeping          |       |       |     2 |       ||     2
  Eat: Bread ration      |       |     1 |       |       ||     1
       Chunk             |       |       |    15 |    11 ||    26

Vault maps used:
D:1:      dpeg_arrival_short_road
D:2:      wad_river_or_something
D:3:      minitemple, first_bread
D:4:      nicolae_overflow_crystal_walls, lexackson_kobold_supper, uniq_natasha
D:5:      nicolae_ossuary_entry_monument, patterned_corridor
D:6:      basic_altar, st_stairs_8, kennysheep_another_room,
          nemelex_lonely_heart_becter
D:7:      minmay_temple_entry_grid, uniq_pikel, uniq_duvessa
D:8:      grunt_temple_overflow_holy_war, kb_xom_exploding_sheep, serial_shops,
          nicolae_shop_stone, hangedman_pestilent_swarm, uniq_erolcha
D:9:      kennysheep_mini_moat, lair_0_dummy
D:11:     orc_david_3, serial_co_window_serial, co_window_of_opportunity_a,
          co_window_of_opportunity_a, co_window_paths_b, co_window_corner_a,
          co_window_of_opportunity_a, co_window_2corner,
          co_window_of_opportunity_b, co_window_broadway_a,
          co_window_unsneaky_path_a, co_window_4corner_b, co_window_paths_e,
          glass_columns_a, glass_columns_b, glass_columns_a, lemuel_oklob_altar
Temple:   circular_temple_12
Ossuary:  ossuary_tomb_3
